cohdb
Replays
Latest Replays
All Replays
Popular Replays
Top Player Replays
Match Explorer
How It Works
Community
CoH3 Stats
Reddit
Sign in to upload your games and track your stats! →
Sign in with Steam
Match 46727440
Unlisted
Match 46727440
Overview
Messages
Build Orders
End
Panzergrenadier Squad
Selects Battlefield Espionage Battlegroup
Panzergrenadier Squad
250 Light Carrier
Construct Light Support Kompanie
MG34 Team
2.5-tonne Medical Truck
Panzerjäger Squad
Fire Support Elements
Selects Sector Subterfuge Beacon
Selects 250/3 Funkpanzerwagen
2.5-tonne Medical Truck
Selects Plunder
Pak 38 Anti-tank Gun Team
Selects Firestorm
Construct Panzerarmee Kommand
Pak 38 Anti-tank Gun Team
Assault Grenadier Squad
STARSHOPPING
我出奶车
Big Cat
Guacamole Stains
หนีห่าวจงกัั๋ว
Kray-Tos
0
0
Comments
sign in to comment!
No comments posted yet!